 Dungeon Crawl Stone Soup version 0.17-a0-1778-gd369669 (webtiles) character file.

7 ololoev the Charmwright (level 1, 0/17 HPs)
             Began as a Draconian Skald on Sept 8, 2015.
             Slain by a jackal (1 damage)
             ... on level 1 of the Dungeon.
             The game lasted 00:00:48 (102 turns).

ololoev the Charmwright (Draconian Skald)            Turns: 102, Time: 00:00:49

Health: 0/17       AC:  4    Str: 14    XL:     1   Next: 83%
Magic:  2/3        EV: 11    Int: 12    God:
Gold:   0          SH:  0    Dex: 10    Spells: 1 memorised, 3 levels left

rFire  . . .     SeeInvis .     a - +0 spear
rCold  . . .     Clarity  .     (armour unavailable)
rNeg   . . .     SustAt   .     (no shield)
rPois  .         Gourm    .     (helmet restricted)
rElec  .         Spirit   .     (no cloak)
rCorr  .         Warding  .     (no gloves)
rMut   .         Stasis   .     (no boots)
MR     .....                    (no amulet)
Stlth  +.........               (no ring)
                                (no ring)

@: not resistant to hostile enchantments, very unstealthy
A: unfitting armour, cold-blooded, AC +4
a: no special abilities


Innate Abilities, Weirdness & Mutations

Your plain brown scales are hard (AC +4).
Your body does not fit into most forms of armour.
You are cold-blooded and may be slowed by cold attacks.

Inventory:

Hand weapons
 a - a +0 spear (weapon)
Armour
 d - a +0 buckler
Books
 b - a book of Battle

   Spells                             Type                      Level
   a - Infusion                       Charms                       1
   b - Shroud of Golubria             Charms/Translocation         2
   c - Song of Slaying                Charms                       2
   d - Spectral Weapon                Hexes/Charms                 3
   e - Regeneration                   Charms/Necromancy            3
Comestibles
 c - a bread ration


   Skills:
 - Level 2.1 Fighting
 + Level 2.4 Polearms
 - Level 1.3 Dodging
 + Level 0.6 Shields
 - Level 2.0 Spellcasting
 - Level 2.6 Charms


You had 3 spell levels left.
You knew the following spells:

 Your Spells              Type           Power        Failure   Level  Hunger
a - Infusion              Chrm           #.....       12%         1    ##.....


You were on level 1 of the Dungeon.
You were not hungry.

You visited 1 branch of the dungeon, and saw 1 of its levels.

.. #. #. ##.##
#.... ####.#.#
#.#
.......######.#.#
#..bsh@.g...#
#.#r######.#.#
#.s.h####.#
##.....##.#
#..#.#.##.#
#.#.#.#.##h#####
#.#.#.....brr..#
#.#.#...##r###.#
#.#.#...##.# #.#

Notes
Turn   | Place    | Note
--------------------------------------------------------------
     0 | D:1      | ololoev the Draconian Skald began the quest for the Orb.
     0 | D:1      | Reached XP level 1. HP: 17/17 MP: 3/3
   102 | D:1      | Slain by a jackal

Dungeon Overview and Level Annotations

Branches:
Dungeon (1/15)

Altars:


Message History

You closely miss the giant cockroach.
The giant cockroach is heavily wounded.
The bat hits you.
The giant cockroach bites you but does no damage.
You aren't carrying any potions.
You closely miss the bat. The bat barely misses you.
The giant cockroach barely misses you.
Your magical infusion is running out.
The bat misses you. The bat hits you but does no damage.
The giant cockroach closely misses you.
You hit the bat.
The bat is almost dead.
The bat hits you. The giant cockroach closely misses you.
Attack whom?
Press: ? - help, Dir - move target cursor, f - bat
Aim: a bat (almost dead)
You reach to attack!
You hit the bat.
You kill the bat!
The giant cockroach misses you.
The giant cockroach bites you but does no damage.
You see here a bat corpse.
You are no longer magically infusing your attacks.
Your magical contamination has completely faded away.
The giant cockroach barely misses you.
The giant cockroach bites you but does no damage.
A bat comes into view.
The bat hits you. The bat barely misses you.
The giant cockroach closely misses you. The bat hits you but does no damage.
The bat barely misses you.
A hobgoblin comes into view. It is wielding a club.
The hobgoblin shouts!
The bat hits you.
You barely miss the jackal. You tail-slap the jackal.
The jackal is almost dead.
The jackal bites you but does no damage.
You hit the jackal but do no damage.
The jackal is almost dead.
The jackal barely misses you. The jackal bites you.
You die...

You could see a jackal, a giant cockroach, a hobgoblin, a bat and a rat.

Vanquished Creatures
  A bat (D:1)
  2 jackals (D:1)
  2 kobolds (D:1)
  A rat (D:1)
6 creatures vanquished.

Action                   || total
-------------------------++-------
Melee: Spear             ||    28
 Cast: Infusion          ||     1

Vault maps used:
D:1:      evilmike_arrival_plus, hangedman_decor_push
